 Dungeon Crawl Stone Soup version 0.31-a0-152-g6aa68a64a1 (webtiles) character file.

Game seed: 18380003837986480516

17 qw the Shooter (level 2, -5/26 HPs)
             Began as a Naga Hunter on June 9, 2023.
             Slain by Natasha (9 damage)
             ... on level 1 of the Dungeon.
             The game lasted 00:00:16 (790 turns).

qw the Shooter (Naga Hunter)                         Turns: 790, Time: 00:00:16

Health: -5/26      AC:  2    Str: 13    XL:     2   Next: 62%
Magic:  2/2        EV:  9    Int:  9    God:
Gold:   48         SH:  0    Dex: 14    Spells: 1/1 levels left

rFire   . . .        Y - +0 shortbow
rCold   . . .        (shield currently unavailable)
rNeg    + . .        c - +0 leather armour
rPois   +            (no helmet)
rElec   .            (no cloak)
rCorr   .            (no gloves)
SInv    +            (no barding)
Will    .....        (no amulet)
Stlth   ++           g - ring of positive energy
HPRegen 0.24/turn    (no ring)
MPRegen 0.08/turn

%: no passive effects
@: slowed, very slow
A: AC +0, large, see invisible, deformed body, poison resistance, slowness 2,
spit poison 1, naga tail 1
a: Spit Poison


You were on level 1 of the Dungeon.
You visited 1 branch of the dungeon, and saw 2 of its levels.

You collected 48 gold pieces.


Innate Abilities, Weirdness & Mutations

Your serpentine skin is tough. (AC +0)
You have supernaturally acute eyesight. (SInv)
Armour fits poorly on your strangely shaped body.
Your system is resistant to poisons. (rPois)
You cover ground very slowly.
You can spit poison.
You have a snake-like lower body.


   Skills:
 - Level 2.0 Fighting
 + Level 4.3 Ranged Weapons
 - Level 1.5 Dodging
 - Level 1.5 Stealth


You had one spell level left.
You didn't know any spells.
Your spell library was empty.

Inventory:

Hand Weapons
 Y - a +0 shortbow (weapon)
Armour
 c - a +0 leather armour (worn)
Jewellery
 g - a ring of positive energy (left hand)
Potions
 f - a potion of haste {unknown}
 j - a potion of attraction {unknown}

Dungeon Overview and Level Annotations

Branches:
Dungeon (2/15)

Altars:

Annotations:
D:1 Natasha


Message History

You climb upwards.
There is a stone staircase leading down here.
Enter note:
Enter note:
Enter note:
Enter note: You start resting.
HP restored.
Done exploring.
(D) Dungeon
Where to? (* - list waypoints, Enter - D:2, ? - help)
What level of the Dungeon? (default 1, ? - help)
You climb downwards.
Level annotation: Natasha Natasha mewls in sadness.
Natasha stares at you and mumbles some strange words.
You feel yourself slow down. The hobgoblin hits you.
There is a stone staircase leading up here.
786 ||| STAIRDANCE HP restored.
Natasha mumbles some strange words.
The hobgoblin hits you. The hobgoblin barely misses you.
Natasha closely misses you.
You climb upwards.
The cerulean imp disappears in a puff of smoke!
There is a stone staircase leading down here.
788 ||| INVOKING Spit Poison.
Aiming: Spit Poison (2% risk of failure)
Press: ? - help, Shift-Dir - straight line, f - Natasha The splash of poison misses Natasha.
Natasha closely misses you. The hobgoblin hits you.
You shoot an arrow. The arrow closely misses Natasha.
Natasha claws you.
The hobgoblin hits you but does no damage.
Natasha claws you! The hobgoblin hits you.
You shoot an arrow. The arrow hits Natasha.
Natasha is severely wounded.
You have got your breath back.
Natasha claws you!
You die...

##......#).. #.....7....#
#####...#...#... #.............7.
#........7.7....
####^...........#..
#..).........#....7
#..g............#..
##########h@.........7.7....
#.........................7.
#...............[...#...#...
#.....................7....#
###.......#####'#.....#...#... ##
#......####...#.###.#.......7.
.###......# #.#.#.# #.##.7.7....
..........####.#.#.###.##.....#..
####.........#.#.#.#.......#...%7


You could see Natasha and a hobgoblin.

Vanquished Creatures
  A ball python (D:1)
  An endoplasm (D:1)
  2 giant cockroaches (D:1)
  3 goblins (D:1)
  A kobold (D:1)
  2 quokkas (D:1)
  A bat (D:1)
  3 frilled lizards (D:1)
  A rat (D:1)
15 creatures vanquished.

Notes
Turn   | Place    | Note
-------+----------+-------------------------------------------
     0 | D:1      | qw the Naga Hunter began the quest for the Orb.
     0 | D:1      | Reached XP level 1. HP: 19/19 MP: 1/1
     0 | D:1      | 0 ||| qw: Version: 0.2-a-122-gbc61b45
     0 | D:1      | 0 ||| qw: Game counter: 3344
     0 | D:1      | 0 ||| qw: Always use a shield: true
     0 | D:1      | 0 ||| qw: God list: Okawaru
     0 | D:1      | 0 ||| qw: Allow faded altars: false
     0 | D:1      | 0 ||| qw: Do Orc after D:15 true
     0 | D:1      | 0 ||| qw: Do second Lair branch before Depths: true
     0 | D:1      | 0 ||| qw: Lair rune preference: random
     0 | D:1      | 0 ||| qw: Plans: Normal
     0 | D:1      | 0 ||| PLANNING D:1-11
    17 | D:1      | 17 ||| INVOKING Spit Poison.
    20 | D:1      | 20 ||| INVOKING Spit Poison.
    31 | D:1      | 31 ||| INVOKING Spit Poison.
    42 | D:1      | 42 ||| INVOKING Spit Poison.
    71 | D:1      | 71 ||| INVOKING Spit Poison.
    85 | D:1      | 85 ||| INVOKING Spit Poison.
    93 | D:1      | Reached skill level 4 in Ranged Weapons
    93 | D:1      | Reached XP level 2. HP: 26/26 MP: 2/2
   166 | D:1      | 166 ||| INVOKING Spit Poison.
   170 | D:1      | 170 ||| INVOKING Spit Poison.
   177 | D:1      | 177 ||| INVOKING Spit Poison.
   190 | D:1      | 190 ||| INVOKING Spit Poison.
   202 | D:1      | 202 ||| INVOKING Spit Poison.
   230 | D:1      | 230 ||| INVOKING Spit Poison.
   241 | D:1      | 241 ||| INVOKING Spit Poison.
   340 | D:1      | 340 ||| INVOKING Spit Poison.
   696 | D:1      | 696 ||| DROPPING amulet of magic regeneration.
   697 | D:1      | 697 ||| UPGRADING to ring of positive energy.
   698 | D:1      | 698 ||| READING scroll labelled ZIANIDGH YNNIKH.
   699 | D:1      | 699 ||| READING scroll labelled SIRHIPI FAACWO.
   702 | D:1      | 702 ||| READING scroll labelled KILUSOW FECA.
   703 | D:1      | 703 ||| DROPPING scroll of butterflies.
   723 | D:2      | Noticed Natasha
   725 | D:2      | 725 ||| INVOKING Spit Poison.
   729 | D:2      | 729 ||| STAIRDANCE
   786 | D:2      | 786 ||| STAIRDANCE
   788 | D:1      | 788 ||| INVOKING Spit Poison.
   789 | D:1      | HP: 4/26 [hobgoblin (3)]
   790 | D:1      | Slain by Natasha

Levels and vault maps discovered:
D:1:      heliophobic_arrival_henge, layout_rooms, minivault_4,
          minmay_misc_feat_doors, roderic_serpentine_path, corner_web_ring,
          nicolae_kite_square_tiling_tiny
D:2:      layout_basic, basic_altar, uniq_sigmund, uniq_robin, uniq_natasha

Skill      XL: |  1 |
---------------+----+-----
Ranged Weapons | 4 |  4.3
Fighting       | |  2.0
Dodging        | |  1.5
Stealth        | |  1.5

Action                     || total
---------------------------++-------
   Fire: Shortbow          ||    31
Ability: Spit Poison       ||    16
    Use: Scroll            ||     3
 Armour: Leather armour    ||     5
  Dodge: Dodged            ||     7

Table legend:
 A = Non-vault XP
 B = Vault XP
 C = Vault XP percentage of total XP
 D = Non-vault monster count
 E = Vault monster count
 F = Vault count percentage of total count
                 A         B        C        D         E       F
            +---------+---------+-------+---------+---------+-------
      Total |      25 |       0 |   0.0 |      15 |       0 |   0.0
            +---------+---------+-------+---------+---------+-------
        D:1 |      25 |       0 |   0.0 |      15 |       0 |   0.0
            +---------+---------+-------+---------+---------+-------
